 Dungeon Crawl Stone Soup version 0.27-a0-1281-ge233d83751 (webtiles) character file.

Game seed: 14572463803858861413

1 BlueGoblin the Shield-Bearer (level 1, 20/20 HPs)
             Began as a Minotaur Fighter on June 14, 2021.
             Was a Follower of Trog.
             Quit the game on level 1 of the Dungeon.
             The game lasted 00:00:21 (124 turns).

BlueGoblin the Shield-Bearer (Minotaur Fighter)      Turns: 124, Time: 00:00:22

Health: 20/20      AC:  6    Str: 20    XL:     1   Next: 16%
Magic:  0/0        EV:  7    Int:  5    God:    Trog [*.....]
Gold:   0          SH:  9    Dex:  9    Spells: 0/0 levels left

rFire    . . .     SeeInvis .   a - +0 long sword
rCold    . . .     Faith    .   c - +0 kite shield
rNeg     . . .     Spirit   .   b - +0 scale mail
rPois    .         Reflect  .   (helmet restricted)
rElec    .         Harm     .   (no cloak)
rCorr    .         Rampage  .   (no gloves)
Will     .....                  (no boots)
Stlth    ..........             (no amulet)
HPRegen  0.06/turn              (no ring)
MPRegen  0.07/turn              (no ring)

@: no status effects
A: horns 2, retaliatory headbutt
a: Renounce Religion, Berserk


You were on level 1 of the Dungeon.
You worshipped Trog.
Trog was aware of your devotion.
You visited 1 branch of the dungeon, and saw 1 of its levels.

Inventory:

Hand Weapons
 a - a +0 long sword (weapon)
Armour
 b - a +0 scale mail (worn)
 c - a +0 kite shield (worn)
Jewellery
 e - a ring of flight
 f - a ring of protection from fire
Potions
 d - a potion of might


   Skills:
 + Level 3.6 Fighting
 + Level 2.4 Long Blades
 + Level 3.6 Armour
 + Level 3.6 Shields


You couldn't memorise any spells.
You didn't know any spells.
Your spell library was empty.

Dungeon Overview and Level Annotations

Branches:
Dungeon (1/15)

Altars:
Trog


Innate Abilities, Weirdness & Mutations

You have a pair of horns on your head.
You reflexively headbutt those who attack you in melee.


Message History

Welcome, BlueGoblin the Minotaur Fighter.
Will you be the one to retrieve the legendary Orb of Zot from the depths?
Press ? for a list of commands and other information.
Found a staircase leading out of the dungeon.
Found 25 stones.
You see here 25 stones.
e - a ring of flight
f - a ring of protection from fire You open the door.
A rat comes into view.
You slash the rat!
You kill the rat!
There is an open door here.
A rat comes into view.
You closely miss the rat. You headbutt the rat.
You kill the rat!
Found a faded altar of an unknown god.
There is a faded altar of an unknown god here.
You cannot tell which god this altar belongs to.
Convert to them anyway?
Trog accepts your prayer! Trog welcomes you!
You can now go berserk at will.
Are you sure you want to abandon this character and quit the game? (Confirm with "yes".)

#.# #.# # #. #####.###.# #.
#........ #. #.......
#.###..##.## .#
#......#...#..#
#...#...@_....# ######
#......#...#..# #....#
#...#..##.##.+# ##.##.#
##.##..........## #..##..
#.########.....###..##.#
#######..## ##.......##.....#
#.........####...........#####
#.####.......+...............#
###...####................


There were no monsters in sight!

Vanquished Creatures
  2 rats (D:1)
2 creatures vanquished.

Notes
Turn   | Place    | Note
-------+----------+-------------------------------------------
     0 | D:1      | BlueGoblin the Minotaur Fighter began the quest for the
                  | Orb.
     0 | D:1      | Reached XP level 1. HP: 19/19 MP: 0/0
   114 | D:1      | Found a faded altar of an unknown god.
   122 | D:1      | Became a worshipper of Trog the Wrathful
   122 | D:1      | Reached * piety under Trog
   124 | D:1      | Quit the game

Illustrated notes

Levels and vault maps discovered:
D:1:      dpeg_arrival_signposts, layout_loops_corners,
          ebering_ecumenical_altar_box, chequers_serial_rivers_small_a

Action                   || total
-------------------------++-------
Melee: Long sword        ||     2
       Headbutt          ||     1

Table legend: (Time is in decaauts)
 A = Elapsed time spent in this place.
 B = Non-inter-level travel time spent in this place.
 C = Inter-level travel time spent in this place.
 D = Time resting spent in this place.
 E = Time spent auto-exploring this place.
 F = Levels seen in this place.
 G = Mean time per level.
                   A        B        C        D        E       F      G
               +--------+--------+--------+--------+--------+-----+--------+
         Total |    125 |    125 |      0 |      0 |    102 |   1 |  125.0 |
       Dungeon |    125 |    125 |      0 |      0 |    102 |   1 |  125.0 |
               +--------+--------+--------+--------+--------+-----+--------+

Top non-repeatable levels by time:
     D:1: 125 daAuts
